[Event "Early-Titled-Tuesday-Blitz-October-24-2023"]
[Site "Chess.com"]
[Date "2023.10.24"]
[Round "11"]
[White "motivated_bishop"]
[Black "Artemiki"]
[Result "0-1"]
[WhiteElo "2517"]
[BlackElo "2382"]
[TimeControl "180+1"]
[EndTime "10:03:52 PDT"]
[Termination "Artemiki won by checkmate"]

1. d4 Nf6 2. c4 c5 3. d5 e6 4. Nc3 exd5 5. cxd5 d6 6. Nf3 g6 7. Bf4 a6 8. a4 Bg7 9. h3 O-O 10. e4 Re8 11. Nd2 Nxe4 12. Ncxe4 f5 13. f3 fxe4 14.
Nxe4 Bf5 15. Bd3 Bd4 16. g4 Qh4+ 17. Kd2 Bxe4 18. Bxe4 Rxe4 19. fxe4 Qf2+ 20. Kd3 Qxf4 21. Qe2 Nd7 22. Raf1 Qe5 23. h4 Bxb2 24. Kc2 Nb6 25.
Rf3 Nxa4 26. h5 g5 27. Rf5 Qc3+ 28. Kb1 Qb3 29. Rxg5+ Kh8 30. Rh3 Qxh3 31. Qf2 Qd3+ 32. Ka2 Qa3+ 33. Kb1 Qa1+ 34. Kc2 Qc1+ 35. Kb3 Qd1+ 36.
Ka2 Nc3+ 37. Kxb2 Qd4 38. Qxd4+ cxd4 39. e5 dxe5 40. d6 Rd8 41. h6 Rxd6 42. Rxe5 Rxh6 43. Re8+ Kg7 44. Re7+ Kf6 45. Rxb7 Kg5 46. Rg7+ Kh4 47. g5 Rb6+ 48. Kc2 Kh5 49. Rxh7+ Kxg5 50. Rd7 Nb5 51. Kd3 Kf6 52. Rd5 Ke6 53. Rh5 Rc6 54. Rh6+ Kd7 55. Rh7+ Kd6 56. Rh6+ Kc7 57. Rh8 Kb6 58. Rh1 Rc3+ 59.
Ke4 Re3+ 60. Kd5 Re8 61. Rh6+ Ka5 62. Kc4 Rc8+ 63. Kd3 Rc3+ 64. Kd2 Rg3 65. Rf6 d3 66. Rf4 Kb6 67. Rf6+ Kb7 68. Rf7+ Kb6 69. Rf6+ Ka5 70.
Rf4 Na3 71. Rd4 Nb5 72. Rc4 Rf3 73. Re4 Na3 74. Rd4 Kb5 75. Rd5+ Kb4 76. Rd6 Nc4+ 77. Kd1 Nxd6 78. Ke1 a5 79. Kd2 a4 80. Kc1 Rf2 81. Kb1 a3 82. Ka1 Nc4 83. Kb1 Kb3 84. Kc1 Rf1# 0-1

[Event "Early-Titled-Tuesday-Blitz-October-24-2023"]
[Site "Chess.com"]
[Date "2023.10.24"]
[Round "11"]
[White "lamomiajunior"]
[Black "WPWPWP-2015"]
[Result "0-1"]
[WhiteElo "2650"]
[BlackElo "2574"]
[TimeControl "180+1"]
[EndTime "10:03:53 PDT"]
[Termination "WPWPWP-2015 won by resignation"]

1. d4 Nf6 2. c4 e6 3. Nc3 d5 4.
cxd5 exd5 5. Bg5 c6 6. e3 Bd6 7.
Bd3 O-O 8. Nf3 Nbd7 9. O-O Re8 10. Qc2 Nf8 11. Rae1 Ng6 12. e4 Be7 13. e5 Nd7 14.
Bd2 Ndf8 15. Ne2 Bg4 16. Ng3 Bxf3 17. gxf3 Nh4 18. Qd1 Qd7 19. Kh1 c5 20. f4 Ne6 21.
dxc5 Nxc5 22. Bb1 Qh3 23. Rg1 g6 24. Be3 Rad8 25. Bd4 Ne6 26. Be3 d4 27. Bd2 d3 28.
Re3 Bc5 29. Ne4 Bxe3 30. Nf6+ Kh8 31. Bxe3 Qf3+ 32. Qxf3 Nxf3 33. Nxe8 Rxe8 34. Rd1 d2 35. Be4 Ned4 36. Bxd4 Nxd4 37. Rxd2 Ne6 38. f5 gxf5 39. Bxf5 Nc5 40. f4 b6 41. b4 Na4 42. Rd7 Kg7 43. e6 Rf8 44. Rxa7 Kf6 45.
Bh3 Nc3 46. exf7 Rxf7 47. Ra6 Nd5 48. Bg2 Nxf4 49. Rxb6+ Kg5 50. Be4 Re7 51. Rb5+ Kh4 52. Kg1 Rxe4 53. Kf2 Nd3+ 54. Kf3 Re7 55. a3 Nb2 56. Rb6 Nc4 57. Rc6 Ne5+ 0-1

[Event "Early-Titled-Tuesday-Blitz-October-24-2023"]
[Site "Chess.com"]
[Date "2023.10.24"]
[Round "11"]
[White "dennisodessa"]
[Black "Noki102"]
[Result "1-0"]
[WhiteElo "2555"]
[BlackElo "2430"]
[TimeControl "180+1"]
[EndTime "10:03:56 PDT"]
[Termination "dennisodessa won by resignation"]

1. d4 d5 2. c4 e6 3. Nc3 Nf6 4.
cxd5 exd5 5. Bg5 Be7 6. e3 O-O 7. Bd3 c6 8. Qc2 h6 9. Bf4 Na6 10.
a3 Nc7 11. Nf3 Ne6 12. Be5 c5 13. O-O c4 14. Bf5 g6 15. Bxg6 fxg6 16. Qxg6+ Ng7 17. Qxh6 Bf5 18. Ng5 Nfe8 19. f4 Rc8 20. Rf3 Rc6 21. Qh4 Rg6 22. Raf1 Bxg5 23. fxg5 Qxg5 24. Qxg5 Rxg5 25.
Nxd5 Rf7 26. e4 Be6 27. Rxf7 Bxf7 28. Ne7+ Kf8 29. Nc8 Kg8 30. Nxa7 Bg6 31. Rf4 Nh5 32. Rh4 Nhf6 33. Bf4 Rg4 34. Rxg4 Nxg4 35. e5 Be4 36. Nb5 Ng7 37. Nd6 Bd5 38. h3 Ne6 39. Bd2 Nxd4 40. hxg4 Nc6 41. Bc3 b6 42. Kf2 Kf8 43. g3 Ke7 44.
Ke3 Ke6 45. Kf4 Ne7 46. Kg5 Nc6 47. Kf4 Ne7 48. Nf5 Ng6+ 49. Ke3 Nxe5 50. Ng7+ Kd6 51. Ne8+ Ke6 52. Nc7+ Kd6 53. Nxd5 Kxd5 54. Bxe5 Kxe5 55. g5 b5 56. g6 c3 57. bxc3 Kf6 58. Kd4 1-0

[Event "Early-Titled-Tuesday-Blitz-October-24-2023"]
[Site "Chess.com"]
[Date "2023.10.24"]
[Round "11"]
[White "shimastream"]
[Black "alexrustemov"]
[Result "1-0"]
[WhiteElo "2975"]
[BlackElo "2776"]
[TimeControl "180+1"]
[EndTime "10:03:58 PDT"]
[Termination "shimastream won by resignation"]

1. Nf3 d5 2. c4 c6 3. g3 Nf6 4. Bg2 e6 5. b3 Be7 6. O-O O-O 7.
Bb2 Nbd7 8. d3 b6 9. Nbd2 Bb7 10. e4 c5 11. cxd5 exd5 12. e5 Ne8 13. d4 Nc7 14. h4 Ne6 15. Re1 Rc8 16. Nf1 c4 17. Ne3 b5 18.
Nh2 Nb6 19. h5 h6 20. Nf5 Re8 21. Qg4 Kh8 22. Nf1 Bf8 23. N1e3 b4 24. bxc4 Nxc4 25. Nxc4 Rxc4 26. Bf1 a5 27. Bd3 Qg5 28. Qf3 Qd2 29. Re2 Ng5 30. Qe3 Qxe3 31. Nxe3 Rc7 32. f4 Ne4 33.
Bxe4 dxe4 34. d5 Bc5 35. d6 Rc6 36. Rc1 Rec8 37. Kf2 Bb6 38. Rxc6 Rxc6 39. Rd2 Bc8 40.
Bd4 Bd7 41. Bxb6 Rxb6 42. Rc2 a4 43. Nd1 Be6 44. Ke3 a3 45. Kxe4 g6 46. hxg6 fxg6 47. Ne3 b3 48. axb3 Rb4+ 49. Kd3 Rxb3+ 50. Kd2 Rb1 51.
Nd5 Kg7 52. Rc7+ Kf8 53. Nc3 a2 54. Nxa2 Bxa2 55. Rc8+ Kf7 56. d7 Bb3 57. d8=Q Rd1+ 58. Ke3 Rxd8 59. Rxd8 h5 60. Rd6 1-0

[Event "Early-Titled-Tuesday-Blitz-October-24-2023"]
[Site "Chess.com"]
[Date "2023.10.24"]
[Round "11"]
[White "zverr1"]
[Black "KVAIDAN"]
[Result "1-0"]
[WhiteElo "2497"]
[BlackElo "2382"]
[TimeControl "180+1"]
[EndTime "10:04:05 PDT"]
[Termination "zverr1 won on time"]

1. e4 e5 2. Nf3 d5 3. exd5 e4 4. Qe2 Nf6 5. d3 Bb4+ 6. c3 O-O 7. Nd4 Qxd5 8. Be3 Bd6 9. dxe4 Nxe4 10. Qc4 Qh5 11. Be2 Qg6 12. Bf3 Be6 13. Nxe6 fxe6 14. Qxe4 Qf7 15. Bg4 Re8 16. Qxb7 Nd7 17. O-O Rab8 18.
Qf3 Qe7 19. Nd2 Ne5 20. Qe4 Rxb2 21. Bh3 Nd7 22. Nc4 Rbb8 23. Nxd6 cxd6 24. Rad1 d5 25. Qa4 Nf6 26. Rfe1 Ne4 27. Bd4 Qg5 28. Qxa7 Rb2 29. Rf1 h6 30. Qd7 Re7 31. Qd8+ Kh7 32. Qa5 Nd2 33.
Rfe1 Nf3+ 34. Kh1 Nxe1 35. Rxe1 e5 36. Qc5 Re8 37. Be3 Qg6 38. Qa3 Rc2 39. Rg1 d4 40.
cxd4 exd4 41. Bxd4 Ree2 42. Qf3 Qe8 43. Bf5+ Kg8 44.
Be3 Rxa2 45. h3 Reb2 46. Be4 Rb4 47. Bd5+ Kh8 48. Bxa2 Rb3 49. Bxb3 Qd7 50. Qf8+ Kh7 51. Bg8+ Kg6 52. Qf7+ Qxf7 53. Bxf7+ Kxf7 54. Rd1 Kg6 55. Rd4 Kh5 56. Kh2 g5 57. Kg3 Kg6 58. Bxg5 hxg5 59.
Kg4 Kh6 60. Rd6+ Kg7 61. Kxg5 Kf7 62. Rf6+ Ke7 63. Kf5 1-0

[Event "Early-Titled-Tuesday-Blitz-October-24-2023"]
[Site "Chess.com"]
[Date "2023.10.24"]
[Round "11"]
[White "Politov_Pavel"]
[Black "aranibos"]
[Result "0-1"]
[WhiteElo "2077"]
[BlackElo "2281"]
[TimeControl "180+1"]
[EndTime "10:04:08 PDT"]
[Termination "aranibos won on time"]

1. d4 c6 2. e4 d5 3. exd5 cxd5 4. Bd3 a6 5. h3 Nc6 6. c3 Nf6 7. Nf3 g6 8. Qc2 Bg7 9. O-O O-O 10. Re1 Qc7 11. Nbd2 Bd7 12. Ne5 Rfe8 13. Ndf3 b5 14. Bf4 Qb6 15. Ng5 Rf8 16. h4 Rac8 17. Nxd7 Nxd7 18. Qe2 e5 19. dxe5 Ndxe5 20. Bc2 h6 21. Nf3 Nc4 22. Rab1 d4 23. cxd4 Nxd4 24. Nxd4 Qxd4 25.
Bc1 Qxh4 26. g3 Qf6 27. b3 Ne5 28. Bb2 Rfe8 29. f4 Qb6+ 30. Kg2 Nd7 31. Qxe8+ Rxe8 32. Rxe8+ Nf8 33. Re2 Bxb2 34. Rxb2 Qd4 35. Rb1 Qd5+ 36. Be4 Qd4 37. Rd1 Qb6 38. Rd5 Kg7 39. Re5 Ne6 40.
Bd5 Nc7 41. Bf3 Qd6 42. Re7 Nd5 43.
Bxd5 Qxd5+ 44. Kh2 Kf6 45. R7e5 Qd6 46. R5e4 h5 47.
Kg2 a5 48. Kh2 Qc6 49. Re5 h4 50. gxh4 Qf3 51. R5e3 Qxf4+ 52. Kg2 Qxh4 53. Rf3+ Kg7 54.
Ref2 f5 55. Re3 Qd4 56. Re7+ Kf6 57. Ree2 a4 58. Rd2 Qe4+ 59. Kf1 axb3 60. axb3 Qb1+ 61. Kg2 Qxb3 62. Rd6+ Kg5 63. Rf3 Qc2+ 64. Rf2 Qe4+ 65. Kg1 Qe1+ 66. Kg2 b4 67. Rf3 Qe4 68. Kf2 Qc2+ 0-1

[Event "Early-Titled-Tuesday-Blitz-October-24-2023"]
[Site "Chess.com"]
[Date "2023.10.24"]
[Round "11"]
[White "twitchTriniCupid"]
[Black "Fan_Of_Chucky"]
[Result "0-1"]
[WhiteElo "2345"]
[BlackElo "2528"]
[TimeControl "180+1"]
[EndTime "10:04:09 PDT"]
[Termination "Fan_Of_Chucky won by checkmate"]

1. Nf3 c5 2. b3 Nf6 3. Bb2 e6 4. e3 d5 5. Bb5+ Bd7 6. a4 Be7 7.
Ne5 O-O 8. O-O a6 9. Be2 Nc6 10.
f4 d4 11. Bf3 Qc7 12. Nxd7 Qxd7 13. Bxc6 Qxc6 14. exd4 cxd4 15. Bxd4 Rfd8 16. Be3 Nd5 17.
Qf3 Qxc2 18. Na3 Qd3 19. Nc4 Qxb3 20. Ne5 Nxe3 21. dxe3 Bc5 22. Rfe1 Rac8 23. Rab1 Qxa4 24. Qxb7 f6 25. Qf7+ Kh8 26. Ng4 Qxf4 27. Qxe6 Re8 28. Qd7 Rcd8 29. Qc6 Qxg4 30. Qxc5 Rd2 31. Qc6 Rc8 32.
Qb7 Rcc2 33. Qa8+ Rc8 34. Rb8 Qxg2+ 35. Qxg2 Rxg2+ 36. Kxg2 Rxb8 37. Kf3 Kg8 38. Ke4 Rb5 39.
Kd4 a5 40. Kc4 Re5 41. Kd4 g5 42. e4 Kf7 43. Rc1 Kg6 44. Rc8 Rb5 45. Rg8+ Kf7 46. Rh8 Kg7 47. Ra8 Rb2 48. h3 Rb3 49. h4 Rb4+ 50. Ke3 h6 51. h5 Ra4 52. Ra7+ Kg8 53.
Kf3 Kf8 54. Rb7 Kg8 55. Ra7 Ra1 56. Kg4 Rf1 57. Kg3 Rf4 58. Rxa5 Rxe4 59. Kf3 Rf4+ 60. Ke3 Kf7 61. Ra6 Rf5 62. Ke4 Re5+ 63. Kf3 Re6 64. Ra7+ Re7 65. Ra6 Rc7 66. Ke4 Rc4+ 67. Kf5 Rf4# 0-1

[Event "Early-Titled-Tuesday-Blitz-October-24-2023"]
[Site "Chess.com"]
[Date "2023.10.24"]
[Round "11"]
[White "Elsa167"]
[Black "GHANDEEVAM2003"]
[Result "1-0"]
[WhiteElo "2895"]
[BlackElo "3032"]
[TimeControl "180+1"]
[EndTime "10:04:11 PDT"]
[Termination "Elsa167 won by resignation"]

1. d4 Nf6 2. c4 d6 3. Nc3 Bf5 4. g3 Nc6 5. Bg2 e5 6. d5 Nd4 7. e4 Bg6 8. Be3 c5 9. dxc6 Nxc6 10. Nge2 h5 11. h3 Be7 12. Qd2 h4 13. g4 Nh7 14.
O-O a6 15. Rad1 Rc8 16. b3 O-O 17. f4 exf4 18. Nxf4 Ne5 19. Ncd5 Bg5 20. Qf2 f6 21. Ne6 Qd7 22. Nxg5 Nxg5 23. Nb6 Qe6 24. Nxc8 Rxc8 25. Bxg5 fxg5 26. Qd2 Nf7 27. Qd5 Qxd5 28. Rxd5 Re8 29.
Rd4 Re5 30. Rfd1 Kf8 31. Kf2 Ke7 32. Ke3 b6 33. b4 Kd7 34. Rd5 Kc7 35. Rxe5 Nxe5 36.
Kd4 Bf7 37. Rc1 Kd7 38. a3 Nc6+ 39. Ke3 Ne5 40. Bf1 Kc6 41. Be2 a5 42. Kd4 Kd7 43. c5 Nc6+ 44. Ke3 dxc5 45. bxc5 Kc7 46. cxb6+ Kxb6 47. Rb1+ Kc7 48. Rb5 Kd6 49. Rxg5 g6 50.
Rb5 Be6 51. Rb7 Ne5 52. Rh7 g5 53. Rg7 Nf7 54. Kd4 Ba2 55. Bc4 Bxc4 56. Kxc4 Ne5+ 57. Kd4 Ke6 58. Rb7 Nf3+ 59. Ke3 Ng1 60. Rb6+ Ke7 61.
Rb5 Nxh3 62. Rxa5 Kf6 63. Rf5+ Kg6 64. e5 Nf4 65. Rxf4 gxf4+ 66. Kxf4 Kf7 67. g5 Ke6 68. g6 1-0

[Event "Early-Titled-Tuesday-Blitz-October-24-2023"]
[Site "Chess.com"]
[Date "2023.10.24"]
[Round "11"]
[White "Hovik_Hayrapetyan"]
[Black "Predator0608"]
[Result "0-1"]
[WhiteElo "2796"]
[BlackElo "2582"]
[TimeControl "180+1"]
[EndTime "10:04:15 PDT"]
[Termination "Predator0608 won on time"]

1. d4 d5 2. c4 e6 3. Nc3 Nf6 4. Nf3 Be7 5. Bf4 O-O 6. e3 b6 7. Bd3 Bb7 8. O-O dxc4 9. Bxc4 Nbd7 10. Qe2 c5 11. Rfd1 cxd4 12. Rxd4 Bxf3 13. gxf3 Bc5 14.
Rd2 Qe7 15. Rad1 Rfd8 16. Bc7 Rdc8 17. Bg3 Rd8 18. a3 a5 19. Na4 h6 20. Rd3 Nf8 21. Nxc5 bxc5 22. Bd6 Qb7 23. Bxc5 Rxd3 24. Bxd3 N8d7 25.
Bd4 e5 26. Bc3 Re8 27. Bb5 e4 28. f4 Re6 29. a4 Nd5 30. f5 Rd6 31. Qg4 N5f6 32.
Qe2 Rxd1+ 33. Qxd1 Nd5 34. Bxa5 Ne5 35. Kf1 Nf3 36. Bc4 Nf6 37. Bc3 Qc7 38. a5 Qxc4+ 39. Kg2 Qc7 40. Qh1 Nh4+ 41. Kh3 Nf3 42. Kg2 Nh4+ 43.
Kh3 Nf3 44. a6 Qd7 45. Kg2 Qxf5 46. a7 Qg4+ 47. Kf1 Qc8 48. Kg2 Qg4+ 49. Kf1 Qh3+ 50.
Ke2 Qc8 51. Qc1 Qc4+ 52. Kd1 Qf1+ 53. Kc2 Qd3+ 54. Kb3 Qb5+ 55. Kc2 Qa4+ 56. b3 Qxa7 57. Qd1 Qc7 58. h3 Qc6 59. Kb2 Nd5 60. Ba5 Qb5 61. Qa1 Nb4 0-1

[Event "Early-Titled-Tuesday-Blitz-October-24-2023"]
[Site "Chess.com"]
[Date "2023.10.24"]
[Round "11"]
[White "GiorgianBarbosa"]
[Black "Giorno"]
[Result "0-1"]
[WhiteElo "2411"]
[BlackElo "2542"]
[TimeControl "180+1"]
[EndTime "10:04:20 PDT"]
[Termination "Giorno won by resignation"]

1. c4 e6 2. g3 d5 3. Bg2 d4 4.
Nf3 Nc6 5. O-O Nf6 6. e3 a5 7.
exd4 Nxd4 8. Nc3 Be7 9. d3 O-O 10.
Bf4 c6 11. Re1 Nxf3+ 12. Bxf3 Bd6 13. Bg5 h6 14. Be3 e5 15. d4 exd4 16. Qxd4 Be6 17.
Rad1 Bb4 18. Qf4 Qb8 19. Qh4 Nh7 20. a3 Bd6 21. Ne4 Be5 22. Bc5 Rd8 23. Be7 Rxd1 24. Rxd1 Qe8 25. Nd6 Bxd6 26. Bxd6 Rd8 27. c5 Nf6 28.
Qf4 Bd5 29. Kg2 Qe6 30. Rd3 g5 31. Qd2 Bxf3+ 32. Rxf3 Ne4 33. Qe3 Nxd6 34. cxd6 Qxe3 35. Rxe3 Rxd6 36. Re7 b5 37. Ra7 a4 38. Rc7 Rd2 39.
Rxc6 Rxb2 40. Rxh6 Kg7 41. Rb6 g4 42. h3 gxh3+ 43.
Kxh3 Rxf2 44. Rxb5 Ra2 45. Ra5 Rxa3 46. Ra6 Ra1 47. Kg4 a3 48. Ra7 Kf6 49. Ra8 a2 50.
Ra7 Ke6 51. Ra8 Kd5 52. Rd8+ Kc6 53. Ra8 Kb7 54. Ra3 Kb6 55. Ra8 Kb5 56. Rb8+ Kc4 57. Rc8+ Kd3 58. Rd8+ Ke3 59. Re8+ Kf2 60. Ra8 Ke2 61.
Re8+ Kd2 62. Rd8+ Kc3 63. Rc8+ Kd4 64. Ra8 Ke5 65. Re8+ Kf6 66. Ra8 Kg6 67. Ra6+ f6 68. Ra5 f5+ 69. Rxf5 Rb1 70. Rg5+ Kf7 71. Rf5+ Ke6 72.
Ra5 a1=Q 73. Rxa1 Rxa1 0-1

[Event "Early-Titled-Tuesday-Blitz-October-24-2023"]
[Site "Chess.com"]
[Date "2023.10.24"]
[Round "11"]
[White "Meri-Arabidze"]
[Black "Chessmissile07"]
[Result "1-0"]
[WhiteElo "2627"]
[BlackElo "2878"]
[TimeControl "180+1"]
[EndTime "10:04:23 PDT"]
[Termination "Meri-Arabidze won by checkmate"]

1. d4 d6 2. Nf3 Nf6 3. g3 Bf5 4. Bg2 c6 5. O-O h6 6. c4 Nbd7 7. Nc3 Bh7 8. Bf4 Qc7 9. d5 g5 10. Be3 c5 11. Bd2 Bg7 12. Rc1 a6 13. a4 Qb6 14. b3 Qc7 15. Re1 Ng4 16. e4 Nge5 17. Qe2 Bf6 18. Nd1 Ng6 19. Ne3 h5 20. Nf5 g4 21. N3h4 Nxh4 22. Nxh4 Bxh4 23. gxh4 a5 24.
Bc3 f6 25. Kh1 b6 26. f4 gxf3 27. Bxf3 O-O-O 28. Bxh5 Nf8 29. Bg4+ Kb8 30. h5 Bg8 31. Bf5 Bf7 32. Bg4 Nh7 33. Bd2 Rdg8 34. Rg1 Qd8 35. Rg2 Qe8 36. Rcg1 Nf8 37. h6 Kc7 38. Bf5 Bg6 39.
Bxg6 Rxg6 40. Rxg6 Nxg6 41. Qh5 Ne5 42. Qxe8 Rxe8 43. Rg7 Kd7 44. h7 Rh8 45. Kg2 Nd3 46. h4 Ne5 47. Kg3 Nd3 48. h5 Ne5 49. h6 Nd3 50.
Kg2 Ne5 51. Kf2 Nd3+ 52. Ke2 Ne5 53. Bf4 Kc7 54. Bxe5 dxe5 55. Rxe7+ Kd6 56. Rg7 f5 57. exf5 e4 58. f6 b5 59. axb5 e3 60. f7 a4 61.
bxa4 Rf8 62. h8=Q Rxh8 63. Rg8 Rxh6 64. f8=Q+ Ke5 65. Qxh6 Kd4 66. Qxe3+ Kxc4 67. Rg4+ Kxd5 68. Rg5+ Kd6 69. Qe5+ Kd7 70. Rg6 Kc8 71. Qh8+ Kb7 72. Qh7+ Kb8 73. Rg8# 1-0

[Event "Early-Titled-Tuesday-Blitz-October-24-2023"]
[Site "Chess.com"]
[Date "2023.10.24"]
[Round "11"]
[White "Aleksandar-Topalov"]
[Black "ketster"]
[Result "1/2-1/2"]
[WhiteElo "2392"]
[BlackElo "2494"]
[TimeControl "180+1"]
[EndTime "10:04:24 PDT"]
[Termination "Game drawn by stalemate"]

1. b3 e5 2. Bb2 Nc6 3. e3 Nf6 4. Bb5 Bd6 5. Na3 e4 6. Nc4 Be7 7. Bxc6 bxc6 8. Ne2 d5 9. Ne5 Bb7 10. O-O c5 11. Ng3 Qc8 12. f3 exf3 13. Qxf3 d4 14. e4 Qe6 15. Nc4 O-O 16. d3 Nd7 17. Nf5 Bf6 18.
Bc1 Kh8 19. Bf4 Ne5 20. Nxe5 Bxe5 21. Bd2 g6 22. Nh6 f6 23. Ng4 f5 24. Nxe5 Qxe5 25. Bh6 Rf7 26. Qh3 Re8 27. exf5 gxf5 28. Rf2 Rg8 29.
Raf1 Rg6 30. Rxf5 Rxf5 31. Rxf5 Qe1+ 32. Rf1 Qe2 33. Rf8+ Rg8 34. Rxg8+ Kxg8 35. Qg3+ Kf7 36. Qg7+ Ke8 37. h3 Qe1+ 38. Kh2 Qe7 39. Qg8+ Kd7 40. Qg3 Kc6 41. Bf4 Kb6 42. a4 a5 43. Bd2 Bc6 44. Qe1 Qd6+ 45. Kg1 Qd5 46. Bxa5+ Ka6 47. Qd2 Qf5 48. Qe1 Qd5 49. Qd2 Qf5 50. Bxc7 Qd7 51. Bg3 Qg7 52. Kh2 Qg6 53. b4 h5 54. b5+ Bxb5 55.
axb5+ Kxb5 56. c3 h4 57. Bxh4 Qh5 58. Bg3 Qd5 59. cxd4 Qxd4 60. Qc2 Qe3 61. Qc4+ Kb6 62. Bd6 Qe8 63. Qxc5+ Ka6 64. Qc4+ Kb6 65. Bg3 Qg6 66. d4 Qb1 67. d5 Kb7 68. Qc6+ Ka7 69. d6 Qd1 70. d7 Qh1+ 71. Kxh1 1/2-1/2

[Event "Early-Titled-Tuesday-Blitz-October-24-2023"]
[Site "Chess.com"]
[Date "2023.10.24"]
[Round "11"]
[White "noblerone"]
[Black "pinguino120"]
[Result "1/2-1/2"]
[WhiteElo "2508"]
[BlackElo "2241"]
[TimeControl "180+1"]
[EndTime "10:04:29 PDT"]
[Termination "Game drawn by agreement"]

1. d4 d5 2. Nf3 Nf6 3. Bg5 Ne4 4. Bf4 c5 5. e3 Qb6 6. Nc3 Nxc3 7. bxc3 Bg4 8. Rb1 Qa5 9. Bb5+ Nc6 10. O-O e6 11.
Bxc6+ bxc6 12. Rb7 Be7 13. Qb1 Rd8 14. Bc7 Qxc3 15.
Bxd8 Bxd8 16. Ne5 Bh5 17. Nxc6 O-O 18. Nxd8 Rxd8 19. Rb8 Qa5 20. Rxd8+ Qxd8 21. Qb7 cxd4 22. exd4 h6 23. Qxa7 Bg6 24. c3 Qd6 25. a4 Qf4 26. a5 Be4 27. f3 Qe3+ 28. Kh1 Qe2 29. Qb8+ Kh7 30. Rg1 Bxf3 31. Qg3 Be4 32. h3 Qb5 33. Kh2 Qxa5 34. Qe3 Qb5 35. Re1 Qc4 36. Re2 Bd3 37. Rf2 Bg6 38. Rb2 Bd3 39. Rb7 Bg6 40. h4 h5 41. Qf3 Qc6 42. Rb2 Qd6+ 43. Qg3 Qc6 44. Rf2 Qc4 45. Qe3 Qc7+ 46. Qg3 Qc4 47. Rb2 Qf1 48.
Rb7 Qf6 49. Rc7 Qf5 50. Qg5 Qxg5 51. hxg5 Bf5 52. Kg3 Kg6 53. Kf4 Be4 54. g3 Bd3 55.
Rc8 Bc4 56. Rc7 Bd3 57. Ra7 Bc4 58. Ra1 Bd3 59. Re1 Bc4 60. Rh1 Bd3 61. Rh2 Bc4 62. g4 hxg4 63. Kxg4 Bd3 64. Kf4 Bc4 65. Rb2 Bd3 66. Rb4 Bc4 67. Rb6 Bd3 68. Rb8 Bc4 69.
Rd8 Bd3 70. Rd7 Bc4 71. Rd6 Bd3 72. Rc6 Bc4 73. Rc5 Bd3 74. Ra5 Bc4 75. Ra3 Bd3 76. Kg4 Bc4 77. Kh4 Bd3 78. Ra1 Bc4 79. Rc1 Bd3 80.
Rd1 Bc4 81. Rd2 Bb5 82. Kg4 Bc4 83. Kf4 Bb5 84. Rb2 Bc4 85. Rb4 Bd3 86. Rb7 Bc4 87.
Rc7 Bd3 88. Rc6 Bc4 89. Rc5 1/2-1/2

[Event "Early-Titled-Tuesday-Blitz-October-24-2023"]
[Site "Chess.com"]
[Date "2023.10.24"]
[Round "11"]
[White "SnekkerAndersen"]
[Black "gau248"]
[Result "1/2-1/2"]
[WhiteElo "2496"]
[BlackElo "2582"]
[TimeControl "180+1"]
[EndTime "10:04:30 PDT"]
[Termination "Game drawn by stalemate"]

1. a3 a6 2. h3 h6 3. e3 e6 4. d3 d6 5. Nc3 Nc6 6. Bd2 Bd7 7. Ke2 Ke7 8. Ke1 Ke8 9. Ke2 Nf6 10. Ke1 d5 11. e4 dxe4 12. Nxe4 Nxe4 13. dxe4 Be7 14. Nf3 Bf6 15. Rb1 Nd4 16. Nxd4 Bxd4 17. Bd3 Qf6 18. Rf1 Bc6 19. c3 Bb6 20. Qe2 Rd8 21. Rd1 Ba4 22. Rb1 Qe7 23. Be3 Bxe3 24. Qxe3 Qd6 25. Ke2 Ke7 26.
b3 Bc6 27. a4 a5 28. Rfd1 Qe5 29. Rbc1 g5 30. Kf1 Rd6 31. Bc2 Rhd8 32. Rxd6 Rxd6 33. Kg1 f5 34. exf5 Qxe3 35. fxe3 Rd2 36. f6+ Kf7 37. e4 Kxf6 38. Rf1+ Ke5 39. Rf2 Rxf2 40. Kxf2 Bxe4 41. Bd1 c5 42. g3 b6 43. Ke3 Bb1 44. Kf3 Ba2 45. Ke3 c4 46. b4 Bb1 47. bxa5 bxa5 48. Be2 Kd5 49. Bf3+ Kc5 50. Bg4 e5 51. Be6 Bc2 52.
Bd7 Kd6 53. Bb5 Kd5 54. Be8 Bf5 55. h4 gxh4 56. gxh4 Bc2 57. Bf7+ Kd6 58. Be8 Ke6 59. Bb5 Kf5 60. Kf3 Bd1+ 61. Ke3 Kg4 62. Ke4 Kxh4 63. Kxe5 h5 64. Bxc4 Bxa4 65. Bf7 Bb5 66. c4 Bc6 67. Kd4 Kg5 68. Bxh5 Kxh5 69. Kc3 Kg5 70. Kb2 Kf4 71. Ka1 Ke3 72. Kb1 Kd4 73. Ka1 Kc3 74. Kb1 Kb3 75.
Ka1 a4 76. Kb1 a3 77. Ka1 Ba4 78. c5 Bc6 79. Kb1 Ka4 80. Ka1 Kb4 81. Kb1 Be4+ 82.
Ka1 Bc6 83. Kb1 Bd7 84. Ka1 Bc8 85. Kb1 Bh3 86. Ka1 Bc8 87. Kb1 Kc4 88. c6 Kb3 89. c7 Bf5+ 90. Ka1 Ka4 91. Ka2 Be6+ 92. Ka1 Kb3 93. Kb1 a2+ 94. Ka1 Bc8 1/2-1/2

[Event "Early-Titled-Tuesday-Blitz-October-24-2023"]
[Site "Chess.com"]
[Date "2023.10.24"]
[Round "11"]
[White "EvgenyBurmakin"]
[Black "NikolaGry"]
[Result "1/2-1/2"]
[WhiteElo "2387"]
[BlackElo "2721"]
[TimeControl "180+1"]
[EndTime "10:04:33 PDT"]
[Termination "Game drawn by repetition"]

1. e4 e5 2. Nf3 d6 3. d4 exd4 4.
Nxd4 Nf6 5. Nc3 g6 6. g3 Bg7 7. Bg2 O-O 8. O-O Bd7 9. b3 Nc6 10. Nde2 Re8 11. Bb2 a6 12. Rb1 b5 13. Qd3 Ne5 14.
Qd2 b4 15. Nd5 Nxd5 16. exd5 a5 17. Rfe1 Qb8 18. c3 a4 19. cxb4 axb3 20. axb3 Ra2 21. Nd4 Qb6 22. h3 Rb8 23. Kh2 Qxb4 24. Qxb4 Rxb4 25.
Nc6 Bxc6 26. dxc6 Rxb3 27. Bxe5 Rxb1 28. Rxb1 Bxe5 29. Rb7 d5 30. Bxd5 Rxf2+ 31. Bg2 h5 32. Rb8+ Kg7 33. Re8 Bd6 34. Rd8 Rf6 35. Rd7 h4 36.
Bd5 Bxg3+ 37. Kg2 Bd6 38. Kg1 Rf4 39. Kg2 Rf6 40. Kg1 g5 41. Kg2 Kg6 42. Kg1 Kg7 43. Kg2 Kf8 44. Kg1 Ke8 45. Kg2 Rf5 46. Be4 Re5 47.
Bf3 Re7 48. Rxe7+ Kxe7 49. Bd5 f5 50. Kf3 Kf6 51. Bc4 Ke5 52. Bf7 Kf6 53. Be8 Ke6 54.
Bd7+ Ke5 55. Ke3 Bc5+ 56. Kf3 Bb6 57. Bc8 Kf6 58. Bd7 Kg6 59. Bc8 Bc5 60. Bd7 Bd6 61. Bc8 Kf6 62. Bd7 Ke5 63. Bc8 Bc5 64. Bd7 Bg1 65.
Bc8 Bh2 66. Bd7 Bg3 67. Bc8 Be1 68. Bd7 Bb4 69. Bc8 Be7 70. Bd7 Kf6 71. Bc8 Bd6 72. Bd7 g4+ 73. hxg4 h3 74. gxf5 h2 75. Kg2 Kg5 76. Kh1 Kf6 77. Be6 Kg5 78. Bd7 Kf6 79. Be6 Kg5 80. Bd7 1/2-1/2

[Event "Early-Titled-Tuesday-Blitz-October-24-2023"]
[Site "Chess.com"]
[Date "2023.10.24"]
[Round "11"]
[White "surrenderPLS"]
[Black "Manukyan_Artak"]
[Result "1/2-1/2"]
[WhiteElo "2513"]
[BlackElo "2408"]
[TimeControl "180+1"]
[EndTime "10:04:34 PDT"]
[Termination "Game drawn by repetition"]

1. e4 c6 2. d4 d5 3. exd5 cxd5 4. Bd3 Nc6 5. c3 e5 6. dxe5 Nxe5 7. Nf3 Nxd3+ 8. Qxd3 Nf6 9. O-O Be7 10. Bg5 O-O 11. h3 h6 12. Bh4 Be6 13. Nbd2 Re8 14. Rfe1 Qb6 15. Nb3 a5 16. Bxf6 Bxf6 17. Qd2 a4 18. Nbd4 Bd7 19. Rad1 Re3 20. a3 Re4 21.
Re2 Rae8 22. Rde1 Bb5 23. Re3 Bc4 24. g3 h5 25. Kg2 g6 26. h4 Kg7 27. Qc2 Rxe3 28. Rxe3 Rxe3 29. fxe3 Bb3 30. Nxb3 axb3 31. Qd3 Qe6 32. Nd4 Bxd4 33. Qxd4+ f6 34. Qf4 Qe4+ 35.
Qxe4 dxe4 36. Kh3 g5 37. g4 Kg6 38. hxg5 Kxg5 39. gxh5 Kxh5 40. a4 Kg5 41. Kg3 f5 42. c4 b6 43. Kf2 f4 44. exf4+ Kxf4 45. Ke2 e3 46. c5 bxc5 47. a5 c4 48. a6 c3 49. a7 cxb2 50. a8=Q b1=Q 51. Qf3+ Ke5 52.
Qh5+ Kd4 53. Qh8+ Kc4 54. Qc8+ Kb4 55. Qb7+ Ka3 56. Qa7+ Kb2 57. Qd4+ Kc1 58. Qd1+ Kb2 59. Qd4+ Ka3 60. Qa7+ Kb4 61. Qb6+ Kc4 62. Qc6+ Kb4 63. Qb6+ Kc3 64. Qf6+ Kc2 65. Qf5+ Kb2 66. Qe5+ Ka3 67. Qa5+ Kb2 68. Qe5+ Kc2 69. Qc5+ Kb2 70. Qe5+ 1/2-1/2

[Event "Early-Titled-Tuesday-Blitz-October-24-2023"]
[Site "Chess.com"]
[Date "2023.10.24"]
[Round "11"]
[White "SlavenPastar"]
[Black "Lennis93"]
[Result "1-0"]
[WhiteElo "2638"]
[BlackElo "2733"]
[TimeControl "180+1"]
[EndTime "10:04:36 PDT"]
[Termination "SlavenPastar won on time"]

1. b3 d5 2. Bb2 Nf6 3. Nf3 Bf5 4. e3 e6 5. Bd3 Bxd3 6. cxd3 a5 7. a3 Nbd7 8. O-O c6 9. d4 Bd6 10. Nc3 O-O 11.
a4 Qe7 12. d3 e5 13. dxe5 Nxe5 14. Nxe5 Qxe5 15. g3 Qf5 16. Kg2 Rfe8 17. Re1 Ng4 18. Qd2 Re6 19. e4 Qh5 20. h3 Rh6 21. Rh1 Ne5 22. Qd1 Qxd1 23. Raxd1 d4 24. Nb1 c5 25. f4 Nd7 26. Nd2 Bf8 27. Nc4 Nb6 28.
Rb1 Rc6 29. Bc1 Nc8 30. Bd2 b6 31. f5 Nd6 32. g4 Nxc4 33. bxc4 Bd6 34. Kf3 f6 35.
Rb5 Kf7 36. Rhb1 Ra6 37. h4 Ke7 38. g5 Be5 39. Rg1 Rc8 40. Rg2 Kf7 41. Rb1 Rg8 42. Rbg1 Raa8 43. g6+ hxg6 44. Rxg6 Bd6 45. h5 Bf8 46. h6 Ra7 47. Bf4 Rb7 48. e5 fxe5 49.
Bxe5 Ke8 50. hxg7 Be7 51. Re6 Kf7 52. Ke4 Bd8 53. Rc6 Re7 54. Kd5 Rge8 55. Bf4 Rd7+ 56.
Rd6 Rxd6+ 57. Bxd6 Bf6 58. g8=Q+ Rxg8 59. Rxg8 Kxg8 60.
Kc6 Bd8 61. Bc7 Bxc7 62. Kxc7 b5 63. axb5 a4 64. b6 a3 65. b7 a2 66. b8=Q+ Kf7 67.
Qa7 Kf6 68. Qxa2 Kxf5 69. Kc6 Kf4 70. Kxc5 Ke3 71. Kd5 Kxd3 72. Qb3+ Ke2 73. Kxd4 Ke1 74. Ke3 Kf1 75. Qb2 Kg1 76. Kf3 1-0